 Dungeon Crawl Stone Soup version 0.26-a0-639-g72c4674329 (webtiles) character file.

Game seed: 4042619663560226758

10061 Borgoz the Grappler (level 11, -31/97 HPs)
             Began as a Ghoul Gladiator on Sept 20, 2020.
             Was an Elder of Okawaru.
             Killed from afar by a red draconian scorcher (43 damage)
             ... with damnation
             ... on level 2 of the Abyss.
             The game lasted 00:19:25 (11044 turns).

Borgoz the Grappler (Ghoul Gladiator)              Turns: 11044, Time: 00:19:26

Health: -31/97     AC: 15    Str: 25 (27) XL:     11   Next: 56%
Magic:  0/16       EV: 13    Int:  4      God:    Okawaru [****..]
Gold:   689        SH:  0    Dex: 16      Spells: 15/18 levels left

rFire    + . .     SeeInvis .     - Unarmed
rCold    + . .     Faith    .   (no shield)
rNeg     + + +     Spirit   +   F - +0 chain mail {rF+}
rPois    ∞         Reflect  .   b - +1 helmet
rElec    .         Harm     .   D - +0 cloak (curse)
rCorr    .         Rampage  .   (no gloves)
MR       .....                  j - +0 pair of boots
Stlth    ..........             k - amulet of guardian spirit
HPRegen  0.00/turn              y - +6 ring of dexterity
MPRegen  0.15/turn              r - +6 ring of strength

@: hasted and slowed
A: rotting body, claws 1, cold resistance 1, negative energy resistance 3,
inhibited regeneration, torment resistance, unbreathing
a: Heroism, Renounce Religion


You were on level 2 of the Abyss.
You worshipped Okawaru.
Okawaru was greatly pleased with you.
You visited 2 branches of the dungeon, and saw 12 of its levels.
You visited the Abyss 1 time.
You also visited: Sewer and Ossuary.

You collected 689 gold pieces.

Inventory:

Missiles
 c - a throwing net (quivered)
Armour
 b - a +1 helmet (worn)
 j - a +0 pair of boots (worn)
 D - a cursed +0 cloak (worn)
 F - a +0 chain mail of fire resistance (worn)
Jewellery
 h - an uncursed amulet of faith
 i - an uncursed ring of fire
 k - an amulet of guardian spirit (around neck)
 m - an uncursed amulet of the acrobat
 n - an uncursed ring of see invisible
 r - a +6 ring of strength (right claw)
 y - a +6 ring of dexterity (left claw)
 C - a +4 ring of protection
 E - an uncursed ring of resist corrosion
Wands
 e - a wand of digging (12)
 g - a wand of paralysis (17)
Scrolls
 a - 2 scrolls of fear {unknown}
 f - a scroll of enchant weapon
 l - a scroll of amnesia
 q - 2 scrolls of fog
 w - a scroll of blinking {unknown}
 z - 4 scrolls of enchant armour
 A - 5 scrolls of remove curse
Potions
 d - 10 potions of curing
 o - 2 potions of stabbing {unknown}
 p - a potion of resistance
 s - 2 potions of might {unknown}
 t - 3 potions of brilliance {unknown}
 u - a potion of flight {unknown}
 v - 5 potions of heal wounds {unknown}
 x - 2 potions of invisibility {unknown}


   Skills:
 * Level 9.1 Fighting
 - Level 1.7 Throwing
 * Level 7.3 Armour
 * Level 8.2 Dodging
 * Level 9.4 Unarmed Combat
 + Level 4.2 Spellcasting
 + Level 4.2 Hexes


You had 15 spell levels left.
You knew the following spells:

 Your Spells              Type           Power        Failure   Level
a - Confusing Touch       Hex            #.......     75%         3

Your spell library contained the following spells:

 Spells                   Type           Power        Failure   Level
 Corona                   Hex            #......      36%         1
 Tukima's Dance           Hex            #.......     75%         3
 Ensorcelled Hibernation  Hex/Ice        #.....       80%         2
 Dazzling Flash           Conj/Hex       #.....       95%         3
 Ignite Poison            Fire/Tmut/Pois #.......     100%        3
 Petrify                  Tmut/Erth      #.......     100%        4
 Alistair's Intoxication  Tmut/Pois      #........    100%        5
 Irradiate                Conj/Tmut      #.........   100%        5
 Eringya's Noxious Bog    Tmut/Pois      #.........   100%        6
 Sublimation of Blood     Necr           Unusable     N/A         2
 Hydra Form               Tmut           Unusable     N/A         6
 Statue Form              Tmut/Erth      Unusable     N/A         6
 Dragon Form              Tmut           Unusable     N/A         7

Dungeon Overview and Level Annotations

Branches:
Dungeon (11/15)            Temple (1/1) D:7            Lair (0/6) D:8
  Sewer (visited)         Ossuary (visited)
    Orc: D:9-12

Altars:
Ashenzari
Cheibriados
Dithmenos
Elyvilon
Fedhas
Gozag
Hepliaklqana
Kikubaaqudgha
Makhleb
Nemelex Xobeh
Okawaru
Qazlal
Ru
Sif Muna
Trog
Uskayaw
Vehumet
Wu Jian
Xom
Yredelemnul
Zin
The Shining One

Shops:
D:8 }

Annotations:
D:10 Nergalle


Innate Abilities, Weirdness & Mutations

Your body is rotting away.
You thrive by killing the living.
You are immune to poison.
You have sharp fingernails.
Your flesh is cold resistant. (rC+)
You are immune to negative energy. (rN+++)
You do not regenerate when monsters are visible.
You are immune to unholy pain and torment.
You can survive without breathing.


Message History

You feel your dexterity returning.
Your base Fighting skill increases to level 9!
You claw the wretched star! Your claw misses the wretched star.
The wretched star is almost destroyed.
The wretched star pulses with an eldritch light!
Unknown command.
You mangle the wretched star!!
You destroy the wretched star!
Okawaru is honoured by your kill. Something appears at your feet!
Okawaru grants you ammunition!
The red draconian scorcher points at you and mumbles some strange words.
The sphere of damnation explodes!
The damnation engulfs you!!
* * * LOW HITPOINT WARNING * * *
You hear a bellow!
Unknown command.
You feel like a meek peon again.
The red draconian scorcher gestures at you while chanting.
The sphere of damnation explodes!
The damnation engulfs you!!!
You die...

. . . # .. .
## #.# ##.##
#.# . .. .
##.... .# #.
# . #.....###
#*# . .. .
#.@.###. #
...# .
#..##(.#.# (
q .....
##.#.#.. #
#.≈ ###..#
#...#.# ## ≈.
♣ #..# ##.#..
#. ≈≈ ≈≈ ...#
#.##.q >.
##.#
.#.##..≈..≈≈≈
#. ## . .#
≈≈≈≈≈≈ . ≈≈≈≈
≈q ≈


You could see a red draconian scorcher.

Vanquished Creatures
  Erica (D:8)
  3 two-headed ogres
  2 wretched stars (Abyss:2)
  An unseen horror (D:10)
  An elephant (D:8)
  Grinder (D:5)
  A hippogriff (D:8)
  Sigmund (D:5)
  Eustachio (D:5)
  A water moccasin (D:7)
  2 black bears (D:8)
  A sky beast (D:7)
  A necrophage (D:10)
  3 orc warriors
  2 phantoms
  3 ogres
  5 centaurs
  3 big kobolds (Sewer)
  3 crocodiles
  Blork the orc (D:5)
  An elf zombie (Ossuary)
  2 bullfrogs
  A wyvern skeleton (D:9)
  A scorpion (D:9)
  15 wights
  2 howler monkeys (D:4)
  A crimson imp (D:9)
  A centaur zombie (Ossuary)
  6 hounds
  A human zombie (Ossuary)
  5 orc priests
  2 bullfrog skeletons
  A jelly (D:7)
  Ijyb (D:5)
  7 orc wizards
  4 iguanas
  8 worker ants
  A big kobold zombie (Ossuary)
  A hound skeleton (D:8)
  2 mummies (Ossuary)
  A howler monkey zombie (D:6)
  2 worker ant zombies
  4 gnolls (D:8)
  2 howler monkey skeletons
  16 adders
  2 river rats
  2 white imps
  An ufetubus (D:8)
  3 oozes (Sewer)
  An adder zombie (Ossuary)
  2 adder skeletons
  9 worms
  A dart slug (D:3)
  5 leopard geckos
  27 orcs
  6 bats
  4 giant cockroaches
  5 goblins
  8 hobgoblins
  17 jackals
  A quokka (D:7)
  5 ball pythons
  6 frilled lizards
  2 goblin zombies
  7 hobgoblin zombies (Ossuary)
  2 jackal skeletons
  2 jackal zombies (Ossuary)
  12 kobolds
  14 kobold zombies (Ossuary)
  8 orc zombies (Ossuary)
  A quokka zombie (D:7)
  14 rats
292 creatures vanquished.

Vanquished Creatures (others)
  An apocalypse crab (Abyss:2)
1 creature vanquished.

Grand Total: 293 creatures vanquished

Notes
Turn   | Place    | Note
-------+----------+-------------------------------------------
     0 | D:1      | Borgoz the Ghoul Gladiator began the quest for the Orb.
     0 | D:1      | Reached XP level 1. HP: 17/17 MP: 0/0
   109 | D:1      | Reached XP level 2. HP: 24/25 MP: 1/1
   821 | D:1      | Reached XP level 3. HP: 30/30 MP: 2/2
   890 | D:2      | Found a stormy altar of Qazlal.
   891 | D:2      | Noticed a water elemental
   894 | D:2      | Noticed an air elemental
  1333 | D:2      | Noticed a fire elemental
  1336 | D:2      | Noticed an earth elemental
  1340 | D:2      | Reached skill level 1 in Armour
  1523 | D:2      | Reached XP level 4. HP: 37/37 MP: 1/3
  2007 | D:3      | Found a sacrificial altar of Ru.
  2247 | D:3      | You fall into a shaft and drop 1 floor!
  2263 | D:4      | Reached XP level 5. HP: 44/45 MP: 4/4
  2347 | D:4      | Found a sparkling altar of Nemelex Xobeh.
  2498 | D:3      | Found a hide-covered altar of Uskayaw.
  2917 | D:4      | Reached XP level 6. HP: 50/51 MP: 5/5
  3087 | D:4      | Learned a level 3 spell: Confusing Touch
  3652 | D:4      | Reached XP level 7. HP: 38/58 MP: 4/6
  4202 | D:5      | Entered Level 5 of the Dungeon
  4219 | D:5      | Noticed Eustachio
  4274 | D:5      | Killed Eustachio
  4274 | D:5      | Reached skill level 5 in Unarmed Combat
  4274 | D:5      | Reached skill level 1 in Spellcasting
  4274 | D:5      | Reached skill level 1 in Hexes
  4283 | D:5      | Noticed Blork the orc
  4296 | D:5      | Killed Blork the orc
  4394 | D:5      | Noticed Ijyb
  4406 | D:5      | Paralysed by Ijyb for 3 turns
  4411 | D:5      | Killed Ijyb
  4411 | D:5      | Reached skill level 5 in Dodging
  4512 | D:5      | Found a glowing drain.
  4535 | Sewer    | Entered a sewer
  4645 | Sewer    | Reached XP level 8. HP: 67/67 MP: 8/8
  4824 | Sewer    | Reached skill level 5 in Fighting
  5193 | D:5      | Found a basalt altar of Yredelemnul.
  5426 | D:5      | Found a sacrificial altar of Ru.
  5428 | D:5      | Noticed Sigmund
  5443 | D:5      | Killed Sigmund
  6312 | D:6      | Reached XP level 9. HP: 66/75 MP: 9/11
  6648 | D:7      | Found a glowing silver altar of Zin.
  6670 | D:7      | Found a sand-covered staircase.
  6688 | D:7      | Found a staircase to the Ecumenical Temple.
  6720 | Ossuary  | Entered an ossuary
  7692 | D:7      | Reached skill level 5 in Armour
  7896 | Temple   | Entered the Ecumenical Temple
  8282 | D:5      | Found a white marble altar of Elyvilon.
  8282 | D:5      | Found a shimmering blue altar of Sif Muna.
  8282 | D:5      | Found an iron altar of Okawaru.
  8284 | D:5      | Noticed Grinder
  8285 | D:5      | Found a hazy altar of Hepliaklqana.
  8292 | D:5      | Paralysed by Grinder for 5 turns
  8301 | D:5      | Killed Grinder
  8318 | D:5      | Became a worshipper of Warmaster Okawaru
  8628 | D:7      | Found an ancient bone altar of Kikubaaqudgha.
  8679 | D:7      | Reached XP level 10. HP: 27/86 MP: 6/13
  9079 | D:8      | Found a bloodstained altar of Trog.
  9082 | D:8      | Reached * piety under Okawaru
  9326 | D:8      | Noticed a two-headed ogre
  9339 | D:8      | Killed a two-headed ogre
  9455 | D:8      | Found a staircase to the Lair.
  9455 | D:8      | Noticed an elephant
  9462 | D:8      | Reached ** piety under Okawaru
  9464 | D:8      | Noticed a two-headed ogre
  9486 | D:8      | Killed an elephant
  9493 | D:8      | Killed a two-headed ogre
  9666 | D:8      | Noticed Erica
  9680 | D:8      | Killed Erica
  9680 | D:8      | Reached *** piety under Okawaru
  9680 | D:8      | Reached XP level 11. HP: 95/95 MP: 15/15
  9693 | D:8      | Found Boyll's Gadget Shoppe.
 10088 | D:9      | Noticed a two-headed ogre
 10096 | D:9      | Killed a two-headed ogre
 10338 | D:9      | Found a blossoming altar of Fedhas.
 10481 | D:9      | Found a burning altar of Makhleb.
 10481 | D:9      | Found a radiant altar of Vehumet.
 10493 | D:9      | Reached **** piety under Okawaru
 10592 | D:10     | Entered Level 10 of the Dungeon
 10736 | D:10     | Killed an unseen horror
 10867 | D:10     | Noticed Nergalle
 10884 | D:10     | Cast into level 2 of the Abyss (Nergalle)
 10943 | Abyss:2  | Noticed a wretched star
 10968 | Abyss:2  | Killed a wretched star
 10970 | Abyss:2  | Noticed a red draconian scorcher
 11022 | Abyss:2  | Noticed a thrashing horror
 11025 | Abyss:2  | Noticed a wretched star
 11042 | Abyss:2  | Killed a wretched star
 11042 | Abyss:2  | Received a gift from Okawaru
 11044 | Abyss:2  | Killed from afar by a red draconian scorcher

Illustrated notes

Levels and vault maps discovered:
D:1:      minmay_arrival_nine_rooms, layout_basic, minivault_14,
          chequers_mini_garden, minmay_pentomino_q2
D:2:      layout_basic, nicolae_qazlal_style_of_elements
D:3:      layout_loops_ring, lemuel_crystal_altar, lemuel_doored_altar
D:4:      layout_basic, kennysheep_little_box, kennysheep_generic_room_10
D:5:      layout_basic, nicolae_overflow_hidden_temple, portal_sewer_entry_b,
          nicolae_ru_awakened_eye, uniq_sigmund, uniq_grinder, uniq_eustachio,
          uniq_ijyb, uniq_blork_the_orc
D:6:      layout_rooms
D:7:      layout_rooms, lemuel_crystal_altar, kennysheep_mini, temple_green,
          enter_ossuary_4
D:8:      layout_loops_ring, david_lair_generic, serial_shops, shop,
          trog_ov_bears_minmay, uniq_erica
D:9:      layout_rooms, grunt_temple_overflow_lords_of_destruction,
          fedhas_altar_2
D:10:     layout_roguey, minivault_11, minmay_another_anthill, uniq_nergalle
D:11:     layout_cave_pools
Temple:   compressed_dpeg_triangle_lava_temple
Abyss:2:  base: D:8, minivault_13, hangedman_abyss_monster_moat

Skill      XL: |  1  2  3  4  5  6  7  8  9 10 11 |
---------------+----------------------------------+-----
Dodging        | 3 4 5 6 7 8 |  8.2
Armour         | 1 2 3 4 5 6 7 |  7.3
Fighting       | 3 4 5 7 8 9 |  9.1
Unarmed Combat | 4 5 6 7 8 9 |  9.4
Spellcasting   | 1 2 3 4 |  4.2
Hexes          | 1 2 3 4 |  4.2
Throwing       | |  1.7

Action                   |  1- 3 |  4- 6 |  7- 9 | 10-12 || total
-------------------------+-------+-------+-------+-------++-------
Melee: Unarmed           |   144 |   270 |   625 |   268 ||  1307
       Punch             |     5 |     3 |    22 |    23 ||    53
Throw: Throwing net      |       |       |     2 |     3 ||     5
Invok: Heroism           |       |       |       |     5 ||     5
Evoke: Wand              |       |       |       |     1 ||     1
  Use: Scroll            |     5 |     5 |     4 |     4 ||    18
       Potion            |       |       |     1 |     2 ||     3
 Stab: Held in net/web   |       |       |     1 |     1 ||     2
       Paralysed         |       |       |       |     5 ||     5
Armor: Leather armour    |    30 |       |       |       ||    30
       Chain mail        |    30 |   125 |       |    43 ||   198
       Scale mail        |       |    38 |    28 |       ||    66
       Plate armour      |       |       |   271 |    76 ||   347
Dodge: Dodged            |    67 |   140 |   315 |   118 ||   640

Table legend: (Time is in decaauts)
 A = Elapsed time spent in this place.
 B = Non-inter-level travel time spent in this place.
 C = Inter-level travel time spent in this place.
 D = Time resting spent in this place.
 E = Time spent auto-exploring this place.
 F = Levels seen in this place.
 G = Mean time per level.
                   A        B        C        D        E       F      G
               +--------+--------+--------+--------+--------+-----+--------+
         Total |  11017 |  10417 |    600 |    877 |   7159 |  15 |  734.5 |
       Dungeon |   9328 |   8745 |    583 |    684 |   6159 |  11 |  848.0 |
        Temple |    341 |    325 |     16 |      0 |    325 |   1 |  341.0 |
         Abyss |    154 |    154 |      0 |     48 |     26 |   1 |  154.0 |
         Sewer |    728 |    728 |      0 |      0 |    496 |   1 |  728.0 |
       Ossuary |    464 |    464 |      0 |    145 |    153 |   1 |  464.0 |
               +--------+--------+--------+--------+--------+-----+--------+

Top non-repeatable levels by time:
     D:7: 1497 daAuts
     D:4: 1395 daAuts
     D:5: 1156 daAuts
     D:3: 984 daAuts
     D:8: 912 daAuts
     D:2: 904 daAuts
     D:1: 883 daAuts
   Sewer: 728 daAuts
     D:6: 726 daAuts
     D:9: 581 daAuts
 Ossuary: 464 daAuts
  Temple: 341 daAuts
    D:10: 284 daAuts
 Abyss:2: 154 daAuts
    D:11: 1 daAuts
